3L
BROOKLYN DODGERS @ THUNDER BAY NORTHERN LIONS BC
04/24/2025
 
TOP OF THE 1ST
Brooklyn Dodgers batting - Pitching for Thunder Bay Northern Lions BC : RHP Ramón Molina
Pitching: RHP Ramón Molina
Batting: RHB Oliver Aranda 0-0: Ball
1-0: Ball
2-0: Swinging Strike
2-1: Ground out 3-1 (Groundball, 34)
Batting: RHB Vincent Crane 0-0: SINGLE (Line Drive, 89S)
Batting: SHB Juan Rivas 0-0: Swinging Strike
0-1: Ball
1-1: Called Strike
1-2: Fly out, F8 (Flyball, 8LM)
Batting: LHB Avon Barksdale 0-0: Called Strike
0-1: Called Strike
0-2: Ball
1-2: Foul Ball, location: 2F
1-2: Ball
2-2: Ball
3-2: Base on Balls
Vincent Crane to second
Batting: RHB Gustavo Mateo 0-0: Ball
1-0: Fly out, F7 (Flyball, 7LS)
Top of the 1st over - 0 run(s), 1 hit(s), 0 error(s), 2 left on base; Brooklyn 0 - Thunder Bay 0
BOTTOM OF THE 1ST
Thunder Bay Northern Lions BC batting - Pitching for Brooklyn Dodgers : RHP Scott Woodger
Pitching: RHP Scott Woodger
Batting: RHB Keith Fish 0-0: Ball
1-0: Fly out, F9 (Flyball, 9)
Batting: LHB Curtis Peters 0-0: Foul Ball, location: 2F
0-1: Called Strike
0-2: SINGLE (Flyball, 78S)
Batting: LHB David Smith 0-0: Called Strike
0-1: Ball
1-1: SINGLE (Line Drive, 9S)
Curtis Peters to second
Batting: SHB Carlos Rodríguez 0-0: Called Strike
0-1: 3-RUN HOME RUN (Flyball, 9LD), Distance : 434 ft
Batting: RHB Robert O'Connor 0-0: Ball
1-0: Fly out, F4 (Line Drive, 4M)
Batting: LHB Chris Gregory 0-0: Ball
1-0: DOUBLE (Line Drive, 8LXD)
Batting: RHB Adrian Smith 0-0: Ball
1-0: Ball
2-0: Ball
Wild Pitch!
Chris Gregory to third
3-0: Called Strike
3-1: Called Strike
3-2: Strikes out swinging
Bottom of the 1st over - 3 run(s), 4 hit(s), 0 error(s), 1 left on base; Brooklyn 0 - Thunder Bay 3
TOP OF THE 2ND
Brooklyn Dodgers batting - Pitching for Thunder Bay Northern Lions BC : RHP Ramón Molina
Batting: RHB Thom Wilcox 0-0: Ball
1-0: Ball
2-0: Foul Ball, location: 2F
2-1: SINGLE (Groundball, 6M) (infield hit)
Batting: SHB Leonard O'Connor 0-0: Called Strike
0-1: Ball
Wild Pitch!
Thom Wilcox to second
1-1: Called Strike
1-2: Ball
2-2: Foul Ball, location: 2F
2-2: Ball
3-2: Fly out, F6 (Line Drive, 6M)
Lined into DP, U6 (Line Drive, 6M)
Batting: LHB Ron Bascombe 0-0: Called Strike
0-1: Foul Ball, location: 2F
0-2: Ball
1-2: Foul Ball, location: 2F
1-2: Ball
2-2: Ball
3-2: Base on Balls
Batting: SHB Felipe Cisneros 0-0: Ball
1-0: Ball
2-0: Ball
3-0: Called Strike
3-1: Swinging Strike
3-2: Strikes out looking
Top of the 2nd over - 0 run(s), 1 hit(s), 0 error(s), 1 left on base; Brooklyn 0 - Thunder Bay 3
BOTTOM OF THE 2ND
Thunder Bay Northern Lions BC batting - Pitching for Brooklyn Dodgers : RHP Scott Woodger
Batting: RHB Fred Meyer 0-0: Called Strike
0-1: Called Strike
0-2: Fly out, F9 (Flyball, 9LS)
Now at 2B: Tony Justice
Batting: RHB Barkley B. Cooltimes 0-0: Ball
1-0: Foul Ball, location: 2F
1-1: Ground out 4-3 (Groundball, 4)
Batting: RHB Keith Fish 0-0: Ball
1-0: Swinging Strike
1-1: Swinging Strike
1-2: Foul Ball, location: 2F
1-2: Ball
2-2: Ball
3-2: Strikes out swinging
Bottom of the 2nd over - 0 run(s), 0 hit(s), 0 error(s), 0 left on base; Brooklyn 0 - Thunder Bay 3
TOP OF THE 3RD
Brooklyn Dodgers batting - Pitching for Thunder Bay Northern Lions BC : RHP Ramón Molina
Batting: RHB Oliver Aranda 0-0: DOUBLE (Line Drive, 3D)
Batting: RHB Vincent Crane 0-0: Ball
1-0: Ball
2-0: Ball
3-0: Called Strike
3-1: Called Strike
3-2: SINGLE (Groundball, 6MS) (infield hit)
Oliver Aranda to third
Batting: SHB Juan Rivas 0-0: Ball
Vincent Crane is caught stealing 2nd base
1-0: Ball
2-0: Foul Ball, location: 2F
2-1: Foul Ball, location: 2F
2-2: Ball
3-2: Fly out, F9 (Flyball, 9S)
Batting: LHB Avon Barksdale 0-0: Called Strike
0-1: Foul Ball, location: 2F
0-2: Strikes out looking
Top of the 3rd over - 0 run(s), 2 hit(s), 0 error(s), 1 left on base; Brooklyn 0 - Thunder Bay 3
BOTTOM OF THE 3RD
Thunder Bay Northern Lions BC batting - Pitching for Brooklyn Dodgers : RHP Scott Woodger
Batting: LHB Curtis Peters 0-0: Called Strike
0-1: Ball
1-1: SINGLE (Line Drive, 4M)
Batting: LHB David Smith 0-0: Ball
1-0: Called Strike
1-1: SINGLE (Flyball, 7LS)
Curtis Peters to second
Batting: SHB Carlos Rodríguez 0-0: Ball
1-0: Fly out, F8 (Flyball, 8LD)
Runner from 2nd tags up, SAFE at 3rd, no throw
Batting: RHB Robert O'Connor 0-0: Ball
1-0: Foul Ball, location: 2F
1-1: Ball
Wild Pitch!
Curtis Peters scores
David Smith to second
2-1: Ball
3-1: Swinging Strike
3-2: Base on Balls
Batting: LHB Chris Gregory 0-0: Called Strike
0-1: Ball
1-1: Ball
2-1: Ball
3-1: Base on Balls
David Smith to third
Robert O'Connor to second
Batting: RHB Adrian Smith 0-0: Ball
1-0: Foul Ball, location: 2F
1-1: Ball
2-1: Ball
3-1: Called Strike
3-2: Foul Ball, location: 2F
3-2: Fly out, F8 (Flyball, 8RM)
Runner from 3rd tags up, OUT at HOME
Bottom of the 3rd over - 1 run(s), 2 hit(s), 0 error(s), 2 left on base; Brooklyn 0 - Thunder Bay 4
TOP OF THE 4TH
Brooklyn Dodgers batting - Pitching for Thunder Bay Northern Lions BC : RHP Ramón Molina
Batting: RHB Gustavo Mateo 0-0: Ball
1-0: Ball
2-0: Foul Ball, location: 2F
2-1: Ball
3-1: Base on Balls
Batting: RHB Thom Wilcox 0-0: Ball
1-0: Swinging Strike
1-1: Ball
2-1: Foul Ball, location: 2F
2-2: Grounds into double play, 6-4-3 (Groundball, 6)
Batting: SHB Leonard O'Connor 0-0: Ball
1-0: Swinging Strike
1-1: Swinging Strike
1-2: SOLO HOME RUN (Line Drive, 9D), Distance : 386 ft
Batting: RHB Tony Justice 0-0: Ball
1-0: Called Strike
1-1: Ball
2-1: Ball
3-1: Foul Ball, location: 2F
3-2: Fly out, F9 (Flyball, 9S)
Top of the 4th over - 1 run(s), 1 hit(s), 0 error(s), 0 left on base; Brooklyn 1 - Thunder Bay 4
BOTTOM OF THE 4TH
Thunder Bay Northern Lions BC batting - Pitching for Brooklyn Dodgers : RHP Scott Woodger
Batting: RHB Fred Meyer 0-0: Called Strike
0-1: Ball
1-1: Foul Ball, location: 2F
1-2: Ball
2-2: Ball
3-2: Base on Balls
Batting: RHB Barkley B. Cooltimes 0-0: Ball
1-0: Grounds into double play, 5-4-3 (Groundball, 56)
Batting: RHB Keith Fish 0-0: Ball
1-0: Fly out, F9 (Flyball, 9S)
Bottom of the 4th over - 0 run(s), 0 hit(s), 0 error(s), 0 left on base; Brooklyn 1 - Thunder Bay 4
TOP OF THE 5TH
Brooklyn Dodgers batting - Pitching for Thunder Bay Northern Lions BC : RHP Ramón Molina
Pitching: LHP Jake O'Tomalty
Batting: SHB Felipe Cisneros 0-0: SOLO HOME RUN (Line Drive, 7D), Distance : 399 ft
Batting: RHB Oliver Aranda 0-0: Ball
1-0: Ground out 6-3 (Groundball, 56)
Batting: RHB Vincent Crane 0-0: Called Strike
0-1: Called Strike
0-2: Ball
1-2: SINGLE (Groundball, 4MD)
Batting: SHB Juan Rivas 0-0: Ball
1-0: Called Strike
1-1: Swinging Strike
Vincent Crane steals 2nd base
1-2: Foul Ball, location: 2F
1-2: Ball
2-2: Ball
3-2: Foul Ball, location: 2F
3-2: Foul Ball, location: 2F
3-2: Foul Ball, location: 2F
3-2: Fly out, F8 (Flyball, 8LD)
Runner from 2nd tags up, SAFE at 3rd, no throw
Batting: LHB Avon Barksdale 0-0: Ball
1-0: 2-RUN HOME RUN (Flyball, 89XD), Distance : 426 ft
Batting: RHB Gustavo Mateo 0-0: Swinging Strike
0-1: Ball
1-1: Ball
2-1: Foul Ball, location: 2F
2-2: Foul Ball, location: 2F
2-2: SINGLE (Groundball, 6MD)
Batting: RHB Thom Wilcox 0-0: Ball
1-0: Ball
2-0: Ball
3-0: Called Strike
3-1: Base on Balls
Gustavo Mateo to second
Batting: SHB Leonard O'Connor 0-0: Foul Ball, location: 2F
0-1: Ball
1-1: Foul Ball, location: 2F
1-2: Foul Ball, location: 2F
1-2: Foul Ball, location: 2F
1-2: Ball
2-2: Ground out 6-3 (Groundball, 56D)
Top of the 5th over - 3 run(s), 4 hit(s), 0 error(s), 2 left on base; Brooklyn 4 - Thunder Bay 4
BOTTOM OF THE 5TH
Thunder Bay Northern Lions BC batting - Pitching for Brooklyn Dodgers : RHP Scott Woodger
Pitching: RHP John Bailey
Batting: LHB Curtis Peters 0-0: Foul Ball, location: 2F
0-1: Ball
1-1: Ball
2-1: Ball
3-1: Ground out 6-3 (Groundball, 56)
Batting: LHB David Smith 0-0: Ball
1-0: Ball
2-0: Ball
3-0: Called Strike
3-1: Foul Ball, location: 2F
3-2: Foul Ball, location: 2F
3-2: Base on Balls
Batting: SHB Carlos Rodríguez 0-0: Called Strike
0-1: Swinging Strike
0-2: Strikes out swinging
Batting: RHB Robert O'Connor 0-0: Foul Ball, location: 2F
0-1: Swinging Strike
0-2: Ball
1-2: Ground out 1-3 (Groundball, 15S)
Bottom of the 5th over - 0 run(s), 0 hit(s), 0 error(s), 1 left on base; Brooklyn 4 - Thunder Bay 4
TOP OF THE 6TH
Brooklyn Dodgers batting - Pitching for Thunder Bay Northern Lions BC : LHP Jake O'Tomalty
Pitching: RHP Allen Wilson
Batting: RHB Tony Justice 0-0: Called Strike
0-1: Ball
1-1: Swinging Strike
1-2: Ball
2-2: SINGLE (Groundball, 6MD)
Batting: SHB Felipe Cisneros 0-0: Sac Bunt - play at first, batter OUT! 5-3
Tony Justice to second
Batting: RHB Oliver Aranda 0-0: Called Strike
0-1: Ball
1-1: Foul Ball, location: 2F
1-2: Ball
2-2: Ball
3-2: Fly out, F8 (Flyball, 89D)
Runner from 2nd tags up, SAFE at 3rd, no throw
Pinch Hitting: RHB Zach Lewis 0-0: Called Strike
0-1: Foul Ball, location: 2F
0-2: Foul Ball, location: 2F
0-2: Ball
1-2: Foul Ball, location: 2F
1-2: SINGLE (Line Drive, 7S)
Tony Justice scores
Batting: SHB Juan Rivas 0-0: Ball
1-0: Called Strike
1-1: Foul Ball, location: 2F
1-2: Foul Ball, location: 2F
1-2: Fly out, F8 (Line Drive, 78M)
Top of the 6th over - 1 run(s), 2 hit(s), 0 error(s), 1 left on base; Brooklyn 5 - Thunder Bay 4
BOTTOM OF THE 6TH
Thunder Bay Northern Lions BC batting - Pitching for Brooklyn Dodgers : RHP John Bailey
Now at SS: Zach Lewis
Batting: LHB Chris Gregory 0-0: Ground out U3 (Groundball, 34)
Batting: RHB Adrian Smith 0-0: Ball
1-0: Ball
2-0: Ball
3-0: Foul Ball, location: 2F
3-1: Swinging Strike
3-2: Base on Balls
Batting: RHB Fred Meyer 0-0: Ball
1-0: Ball
2-0: Swinging Strike
2-1: Fly out, F9 (Flyball, 9S)
Batting: RHB Barkley B. Cooltimes 0-0: Foul Ball, location: 2F
0-1: Fly out, F8 (Flyball, 8LM)
Bottom of the 6th over - 0 run(s), 0 hit(s), 0 error(s), 1 left on base; Brooklyn 5 - Thunder Bay 4
TOP OF THE 7TH
Brooklyn Dodgers batting - Pitching for Thunder Bay Northern Lions BC : RHP Allen Wilson
Batting: LHB Avon Barksdale 0-0: Foul Ball, location: 2F
0-1: Ground out U3 (Groundball, 3L)
Pinch Hitting: RHB Josh Stafford 0-0: Ball
1-0: SINGLE (Line Drive, 34D)
Batting: RHB Thom Wilcox 0-0: Called Strike
0-1: Ball
1-1: Ball
2-1: Fly out, F9 (Flyball, 89XD)
Batting: SHB Leonard O'Connor 0-0: Ball
1-0: Called Strike
1-1: Ball
2-1: SINGLE (Flyball, 8LS)
Josh Stafford to second
Batting: RHB Tony Justice 0-0: Called Strike
0-1: Foul Ball, location: 2F
0-2: Strikes out swinging
Top of the 7th over - 0 run(s), 2 hit(s), 0 error(s), 2 left on base; Brooklyn 5 - Thunder Bay 4
BOTTOM OF THE 7TH
Thunder Bay Northern Lions BC batting - Pitching for Brooklyn Dodgers : RHP John Bailey
Pitching: LHP Sjaak Bonne
Now at 3B: Josh Stafford
Pinch Hitting: LHB John Brewer 0-0: Called Strike
0-1: Ball
1-1: Foul Ball, location: 2F
1-2: Fly out, F7 (Flyball, 7)
Pinch Hitting: RHB Nathan Clay 0-0: Called Strike
0-1: Ball
1-1: Foul Ball, location: 2F
1-2: Foul Ball, location: 2F
1-2: Ball
2-2: Ball
3-2: Base on Balls
Batting: LHB David Smith 0-0: Called Strike
0-1: Ball
1-1: Foul Ball, location: 2F
1-2: Ball
2-2: Ball
3-2: Foul Ball, location: 2F
3-2: Base on Balls
Nathan Clay to second
Batting: SHB Carlos Rodríguez 0-0: Called Strike
0-1: Ball
1-1: Ball
2-1: Ball
3-1: DOUBLE (Flyball, 9D)
Nathan Clay scores
David Smith to third
Runner from 3rd tries for Home, SAFE, throw made home
Batting: RHB Robert O'Connor 0-0: Intentional Walk
Batting: LHB Chris Gregory 0-0: Ball
1-0: Swinging Strike
1-1: Foul Ball, location: 2F
1-2: Fly out, F6 (Line Drive, 6M)
Batting: RHB Adrian Smith 0-0: Ground out 2-3 (Groundball, 2L)
Bottom of the 7th over - 2 run(s), 1 hit(s), 0 error(s), 2 left on base; Brooklyn 5 - Thunder Bay 6
TOP OF THE 8TH
Brooklyn Dodgers batting - Pitching for Thunder Bay Northern Lions BC : RHP Allen Wilson
Now at 2B: Nathan Clay
Now at SS: Arnold Griffith
Batting: SHB Felipe Cisneros 0-0: Foul Ball, location: 2F
0-1: Ball
1-1: Foul Ball, location: 2F
1-2: Ball
2-2: Foul Ball, location: 2F
2-2: Strikes out looking
Batting: RHB Oliver Aranda 0-0: Ball
1-0: Foul Ball, location: 2F
1-1: Ball
2-1: Ball
3-1: Called Strike
3-2: Base on Balls
Batting: RHB Zach Lewis 0-0: Grounds into double play, 6-4-3 (Groundball, 6)
Top of the 8th over - 0 run(s), 0 hit(s), 0 error(s), 0 left on base; Brooklyn 5 - Thunder Bay 6
BOTTOM OF THE 8TH
Thunder Bay Northern Lions BC batting - Pitching for Brooklyn Dodgers : LHP Sjaak Bonne
Batting: RHB Fred Meyer 0-0: Foul Ball, location: 2F
0-1: Swinging Strike
0-2: Ball
1-2: Ball
2-2: Ball
3-2: SINGLE (Line Drive, 6MD)
Batting: RHB Barkley B. Cooltimes 0-0: Swinging Strike
0-1: Called Strike
0-2: Strikes out swinging
Pitching: RHP Javier Díaz
Batting: SHB Arnold Griffith 0-0: Foul Ball, location: 2F
0-1: Ball
1-1: Foul Ball, location: 2F
1-2: Fly out, F7 (Line Drive, 7LM)
Pitching: RHP Folkert van Huizen
Batting: RHB Nathan Clay 0-0: Called Strike
0-1: Ball
1-1: Ball
2-1: Fielders Choice at 2nd, 6-4 (Groundball, 6)
Bottom of the 8th over - 0 run(s), 1 hit(s), 0 error(s), 0 left on base; Brooklyn 5 - Thunder Bay 6
TOP OF THE 9TH
Brooklyn Dodgers batting - Pitching for Thunder Bay Northern Lions BC : RHP Allen Wilson
Pitching: RHP Brandon Bannatyne
Batting: SHB Juan Rivas 0-0: SOLO HOME RUN (Flyball, 8LXD), Distance : 440 ft
Pinch Hitting: RHB Curt Kenney 0-0: Foul Ball, location: 2F
0-1: Ball
1-1: Ball
2-1: Ball
3-1: Base on Balls
Batting: RHB Josh Stafford 0-0: Called Strike
0-1: Ball
1-1: Ball
2-1: Ball
3-1: Foul Ball, location: 2F
3-2: Strikes out looking
Batting: RHB Thom Wilcox 0-0: Called Strike
0-1: Ball
1-1: Swinging Strike
1-2: Strikes out swinging
Pinch Hitting: RHB Chris Teague 0-0: Called Strike
0-1: Foul Ball, location: 2F
0-2: Ball
1-2: Ball
2-2: Ball
3-2: Foul Ball, location: 2F
3-2: Fly out, F7 (Flyball, 7D)
Top of the 9th over - 1 run(s), 1 hit(s), 0 error(s), 1 left on base; Brooklyn 6 - Thunder Bay 6
BOTTOM OF THE 9TH
Thunder Bay Northern Lions BC batting - Pitching for Brooklyn Dodgers : RHP Folkert van Huizen
Now at 1B: Chris Teague
Now at 3B: Curt Kenney
Batting: LHB David Smith 0-0: Foul Ball, location: 2F
0-1: Swinging Strike
0-2: Strikes out swinging
Batting: SHB Carlos Rodríguez 0-0: Ball
1-0: Called Strike
1-1: Swinging Strike
1-2: Fly out, F9 (Flyball, 89S)
Pitching: RHP Powell Horne
Batting: RHB Robert O'Connor 0-0: Ball
1-0: SINGLE (Groundball, 4D)
Batting: LHB Chris Gregory 0-0: SINGLE (Flyball, 7LS)
Robert O'Connor to second
Pitching: RHP Barry Jones
Pinch Hitting: RHB Sean MacKnight 0-0: Called Strike
0-1: Foul Ball, location: 2F
0-2: Ball
1-2: Foul Ball, location: 2F
1-2: Fielders Choice at 2nd, 6-4 (Groundball, 6)
Bottom of the 9th over - 0 run(s), 2 hit(s), 0 error(s), 1 left on base; Brooklyn 6 - Thunder Bay 6
TOP OF THE 10TH
Brooklyn Dodgers batting - Pitching for Thunder Bay Northern Lions BC : RHP Brandon Bannatyne
Now at C: Sean MacKnight
Batting: RHB Tony Justice 0-0: Ball
1-0: Fly out, F9 (Flyball, 9)
Batting: SHB Felipe Cisneros 0-0: Called Strike
0-1: Hit by Pitch
Batting: RHB Oliver Aranda 0-0: Ball
1-0: Ball
2-0: Ball
3-0: Base on Balls
Felipe Cisneros to second
Batting: RHB Zach Lewis 0-0: Ball
1-0: Called Strike
1-1: Foul Ball, location: 2F
1-2: Strikes out looking
Batting: SHB Juan Rivas 0-0: Ball
1-0: Ball
2-0: Ground out 1-3 (Groundball, 15S)
Top of the 10th over - 0 run(s), 0 hit(s), 0 error(s), 2 left on base; Brooklyn 6 - Thunder Bay 6
BOTTOM OF THE 10TH
Thunder Bay Northern Lions BC batting - Pitching for Brooklyn Dodgers : RHP Barry Jones
Pinch Hitting: RHB Carlos Padilla 0-0: Ball
1-0: Called Strike
1-1: Ball
2-1: Swinging Strike
2-2: Ground out 6-3 (Groundball, 6)
Batting: RHB Barkley B. Cooltimes 0-0: SINGLE (Groundball, 6MD)
Batting: SHB Arnold Griffith 0-0: Ball
1-0: Called Strike
1-1: Ball
2-1: Called Strike
Barkley B. Cooltimes is caught stealing 2nd base
2-2: Ball
3-2: Foul Ball, location: 2F
3-2: Foul Ball, location: 2F
3-2: Foul Ball, location: 2F
3-2: Base on Balls
Batting: RHB Nathan Clay 0-0: Called Strike
0-1: Swinging Strike
0-2: Ball
1-2: Ball
2-2: Ball
3-2: Base on Balls
Arnold Griffith to second
Batting: LHB David Smith 0-0: Called Strike
0-1: Swinging Strike
0-2: Ball
1-2: Ball
2-2: Ball
3-2: Hit by Pitch
Arnold Griffith to third
Nathan Clay to second
Batting: SHB Carlos Rodríguez 0-0: Ball
1-0: Ball
2-0: Ball
3-0: Called Strike
3-1: Reached on error, E7 (Flyball, 7S)
Arnold Griffith scores
Friday, December 30th, 2016 - OOTP Baseball 17.12 Build 75